 Dungeon Crawl Stone Soup version 0.29.1-12-g30fa7ad0bf (webtiles) character file.

Game seed: 7691414582405020512

11158 retardedninja the Severer (level 11, -3/142 HPs)
             Began as a Hill Orc Fighter on Dec 13, 2022.
             Was an Initiate of Gozag.
             Slain by a 19-headed hydra (12 damage)
             ... on level 1 of the Lair of Beasts.
             The game lasted 00:15:51 (11515 turns).

retardedninja the Severer (Hill Orc Fighter)       Turns: 11515, Time: 00:15:53

Health: -3/142     AC: 26    Str: 32    XL:     11   Next: 73%
Magic:  11/11      EV:  5    Int: 12    God:    Gozag
Gold:   561        SH: 16    Dex: 10    Spells: 10/10 levels left

rFire   . . .      SeeInvis .   n - +8 hand axe of Paper {spect, Fragile rPois rCorr Str+6}
rCold   + . .      Faith    .   g - +2 tower shield
rNeg    . . .      Spirit   .   D - +7 plate armour of Nudoil {rCorr Str+2 Int+4}
rPois   +          Reflect  .   s - +1 helmet
rElec   .          Harm     .   (no cloak)
rCorr   +          Rampage  .   e - +0 pair of gloves
Will    .....                   E - +0 pair of boots
Stlth   ..........              (no amulet)
HPRegen 0.33/turn               i - ring of protection from cold
MPRegen 0.12/turn               (no ring)

@: berserking, gold aura, studying Ranged Weapons, very quick
A: no striking features
a: Renounce Religion, Potion Petition, Call Merchant, Bribe Branch


You were on level 1 of the Lair of Beasts.
You worshipped Gozag.
Gozag was pleased with you.
You visited 3 branches of the dungeon, and saw 11 of its levels.

You collected 1825 gold pieces.
You paid 1264 gold pieces to Gozag.

Inventory:

Hand Weapons
 a - a +4 war axe of venom
 n - the +8 hand axe of Paper (weapon) {spect, Fragile rPois rCorr Str+6}
   (You found it on level 5 of the Dungeon)

   When its wielder attacks, the weapon's spirit leaps out and strikes again.
   The spirit shares a part of any damage it takes with its wielder.
   Str:       It affects your strength (+6).
   rPois:     It protects you from poison.
   rCorr:     It protects you from acid and corrosion.
   Fragile:   It will be destroyed if unequipped.
Missiles
 c - 3 javelins
Armour
 e - a +0 pair of gloves (worn)
 g - a +2 tower shield (worn)
 s - a +1 helmet (worn)
 D - the +7 plate armour of Nudoil (worn) {rCorr Str+2 Int+4}
   (You found it on level 9 of the Dungeon)

   Str:       It affects your strength (+2).
   Int:       It affects your intelligence (+4).
   rCorr:     It protects you from acid and corrosion.
 E - a +0 pair of boots (worn)
Jewellery
 i - a ring of protection from cold (left hand)
 k - a ring of protection from cold
 B - a +6 ring of intelligence
Wands
 r - a wand of acid (11)
 w - a wand of flame (23)
 x - a wand of mindburst (11)
 z - a wand of charming (5)
Scrolls
 m - a scroll of teleportation
 o - 4 scrolls of immolation
 y - 2 scrolls of identify
 C - a scroll of magic mapping
Potions
 b - 2 potions of attraction
 h - 2 potions of lignification
 l - 5 potions of flight
 p - 6 potions of curing
 t - a potion of brilliance
 u - 3 potions of mutation
Miscellaneous
 A - a box of beasts


   Skills:
 + Level 8.6 Fighting
 * Level 16.6 Axes
 + Level 9.8 Armour
 - Level 0.6 Dodging
 + Level 2.0 Stealth
 + Level 8.2 Shields
 + Level 0.1 Evocations


You had 10 spell levels left.
You didn't know any spells.
Your spell library contained the following spells:

 Spells                   Type           Power      Damage    Failure   Level
 Magic Dart               Conj           0%         1d3       100%        1
 Summon Small Mammal      Summ           0%         N/A       100%        1
 Blink                    Tloc           0%         N/A       100%        2
 Call Imp                 Summ           0%         N/A       100%        2
 Sublimation of Blood     Necr           0%         N/A       100%        2
 Call Canine Familiar     Summ           0%         N/A       100%        3
 Frozen Ramparts          Ice            0%         1d1       100%        3
 Gell's Gravitas          Tloc           0%         N/A       100%        3
 Mephitic Cloud           Conj/Pois/Air  0%         N/A       100%        3
 Ozocubu's Armour         Ice            0%         N/A       100%        3
 Summon Guardian Golem    Hex/Summ       0%         N/A       100%        3
 Teleport Other           Tloc           0%         N/A       100%        3
 Ice Form                 Ice/Tmut       0%         N/A       100%        4
 Petrify                  Tmut/Erth      0%         N/A       100%        4
 Summon Ice Beast         Ice/Summ       0%         N/A       100%        4
 Blade Hands              Tmut           0%         N/A       100%        5
 Irradiate                Conj/Tmut      0%         3d11      100%        5
 Iskenderun's Battlesphe  Conj           0%         2d6       100%        5
 Manifold Assault         Tloc           0%         N/A       100%        5
 Dispersal                Tloc           0%         N/A       100%        6
 Iron Shot                Conj/Erth      0%         9d1       100%        6
 Dragon Form              Tmut           0%         N/A       100%        7
 Ozocubu's Refrigeration  Ice            0%         4d7       100%        7
 Spellforged Servitor     Conj/Summ      0%         N/A       100%        7
 Storm Form               Tmut/Air       0%         N/A       100%        7


Dungeon Overview and Level Annotations

Branches:
Dungeon (9/15)             Temple (1/1) D:7            Lair (1/5) D:8
    Orc (0/2) D:9

Altars:
Ashenzari
Cheibriados
Dithmenos
Elyvilon
Fedhas
Gozag
Hepliaklqana
Kikubaaqudgha
Makhleb
Nemelex Xobeh
Okawaru
Qazlal
Ru
Sif Muna
Trog
Uskayaw
Vehumet
Wu Jian
Xom
Yredelemnul
Zin
The Shining One

Shops:
D:6 [[(   D:8 (   D:9 !


Message History

Your +8 hand axe of Paper {spect, Fragile rPois rCorr Str+6} hits the 20-headed hydra!
Your +8 hand axe of Paper {spect, Fragile rPois rCorr Str+6} hacks one of the 20-headed hydra's heads off!
You block the 19-headed hydra's attack.
The 19-headed hydra bites you but does no damage.
The 19-headed hydra closely misses you. The 19-headed hydra barely misses you.
The 19-headed hydra bites you but does no damage.
You block the 19-headed hydra's attack. The 19-headed hydra bites you! x2
* * * LOW HITPOINT WARNING * * *
The 19-headed hydra bites you but does no damage. x2
You block the 19-headed hydra's attack. x2
The 19-headed hydra bites you but does no damage. x2
The 19-headed hydra barely misses you. The 19-headed hydra bites you.
* * * LOW HITPOINT WARNING * * *
The 19-headed hydra closely misses you.
The 19-headed hydra bites you but does no damage.
The 19-headed hydra barely misses you.
You completely miss the 19-headed hydra.
The 19-headed hydra is moderately wounded.
Your +8 hand axe of Paper {spect, Fragile rPois rCorr Str+6} hits the 19-headed hydra!
Your +8 hand axe of Paper {spect, Fragile rPois rCorr Str+6} hacks one of the 19-headed hydra's heads off!
The 18-headed hydra grows two more!
You barely miss the 20-headed hydra.
The 20-headed hydra is moderately wounded.
Your +8 hand axe of Paper {spect, Fragile rPois rCorr Str+6} hits the 20-headed hydra!
Your +8 hand axe of Paper {spect, Fragile rPois rCorr Str+6} hacks one of the 20-headed hydra's heads off!
You block the 19-headed hydra's attack. x3
The 19-headed hydra bites you but does no damage. x4
The 19-headed hydra bites you!
* * * LOW HITPOINT WARNING * * *
You block the 19-headed hydra's attack. The 19-headed hydra barely misses you.
The 19-headed hydra bites you!
* * * LOW HITPOINT WARNING * * *
The 19-headed hydra barely misses you.
The 19-headed hydra bites you but does no damage.
The 19-headed hydra bites you!
* * * LOW HITPOINT WARNING * * *
The 19-headed hydra bites you but does no damage. x2
The 19-headed hydra bites you!
You die...
Your body crumbles into a pile of gold.

###..# .#..# ....#### .#
...... .. #.... ...
#...# ..⌠ #...# ....
####.@##
.#..########.##(D.#####
....D...D..............#
............$..........#
######....####..####..##
##..## #..# ..# #...#
#..# .# #..## #..# #
##..# #..#


You could see a 19-headed hydra and a friendly +8 hand axe of Paper {spect,
Fragile rPois rCorr Str+6} (summoned).

Vanquished Creatures
  3 two-headed ogres
  A tengu warrior (D:9)
  2 komodo dragons
  A tengu conjurer (D:9)
  3 slime creatures (D:9)
  2 shadows (D:9)
  14 yaks
  Eustachio (D:5)
  4 wyverns
  2 basilisks
  A steam dragon (D:8)
  A vampire mosquito (D:9)
  Edmund (D:6)
  A water moccasin (D:8)
  A swamp drake (D:8)
  7 orc warriors
  A black bear (D:6)
  2 sky beasts (D:6)
  4 ice beasts
  A phantom (D:7)
  4 centaurs (D:9)
  A kobold brigand (D:9)
  4 bullfrogs
  2 gnoll sergeants (D:9)
  2 scorpions
  A wight (D:9)
  2 troll zombies (D:9)
  A killer bee (D:9)
  3 howler monkeys
  9 orc priests
  2 jellies
  2 hounds
  2 iguanas
  11 orc wizards
  6 ogre zombies (D:9)
  3 gnolls (D:9)
  7 adders
  A white imp (D:6)
  4 ufetubi
  2 worms
  4 dart slugs
  30 orcs
  10 bats
  15 endoplasms
  4 giant cockroaches
  7 hobgoblins
  11 jackals
  4 quokkas
  5 ball pythons
  10 goblins
  3 goblin skeletons (D:9)
  A hobgoblin skeleton (D:9)
  5 hobgoblin zombies (D:9)
  10 kobolds
  5 orc skeletons (D:9)
  11 orc zombies (D:9)
  9 rats
266 creatures vanquished.

Vanquished Creatures (others)
  A plant (Lair:1)
  5 toadstools (D:7)
6 creatures vanquished.

Grand Total: 272 creatures vanquished

Notes
Turn   | Place    | Note
-------+----------+-------------------------------------------
     0 | D:1      | retardedninja the Hill Orc Fighter began the quest for the
                  | Orb.
     0 | D:1      | Reached XP level 1. HP: 19/19 MP: 1/1
     1 | D:1      | Found a runed translucent door.
   170 | D:1      | Reached XP level 2. HP: 22/27 MP: 2/2
   174 | D:1      | Reached skill level 3 in Axes
   412 | D:1      | Reached XP level 3. HP: 30/33 MP: 3/3
   560 | D:1      | Found a faded altar of an unknown god.
   821 | D:2      | You fall into a shaft and drop 2 floors!
   828 | D:4      | Found a blossoming altar of Fedhas.
  1211 | D:2      | Reached XP level 4. HP: 39/40 MP: 4/4
  1765 | D:1      | Reached skill level 4 in Axes
  2213 | D:3      | Reached XP level 5. HP: 35/46 MP: 5/5
  2325 | D:3      | Found a glowing golden altar of the Shining One.
  2648 | D:4      | Found a shimmering altar of Xom.
  2668 | D:4      | Reached skill level 5 in Axes
  3474 | D:5      | Entered Level 5 of the Dungeon
  3487 | D:5      | Reached skill level 6 in Axes
  3487 | D:5      | Reached XP level 6. HP: 43/52 MP: 6/6
  3741 | D:5      | Identified the +8 hand axe of Paper {spect, Fragile rPois
                  | rCorr Str+6}
  3770 | D:5      | Found a shadowy altar of Dithmenos.
  3797 | D:5      | Noticed Eustachio
  3815 | D:5      | Killed Eustachio
  3816 | D:5      | Reached skill level 7 in Axes
  3816 | D:5      | Reached XP level 7. HP: 43/60 MP: 7/7
  4143 | D:5      | Reached skill level 5 in Armour
  5066 | D:6      | Reached skill level 8 in Axes
  5068 | D:6      | Found Haur's Antique Armour Shop.
  5076 | D:6      | Reached skill level 5 in Fighting
  5076 | D:6      | Noticed Edmund
  5080 | D:6      | Reached XP level 8. HP: 42/68 MP: 8/8
  5083 | D:6      | Reached skill level 9 in Axes
  5091 | D:6      | Killed Edmund
  5092 | D:6      | Reached skill level 10 in Axes
  5303 | D:6      | Reached skill level 11 in Axes
  5460 | D:6      | Found Samuudd's Antique Weapon Shoppe.
  5510 | D:6      | Reached XP level 9. HP: 75/75 MP: 9/9
  5535 | D:6      | Found Vucyaps's Antique Armour Emporium.
  5843 | D:7      | Found a staircase to the Ecumenical Temple.
  5863 | Temple   | Entered the Ecumenical Temple
  5959 | Temple   | Became a worshipper of Gozag Ym Sagoz the Greedy
  6292 | D:7      | Reached skill level 12 in Axes
  6295 | D:7      | Reached skill level 5 in Shields
  6297 | D:7      | Reached skill level 13 in Axes
  6635 | D:8      | Noticed a two-headed ogre
  6646 | D:8      | Killed a two-headed ogre
  6647 | D:8      | Reached skill level 14 in Axes
  6647 | D:8      | Reached XP level 10. HP: 51/84 MP: 10/10
  6736 | D:8      | Reached skill level 15 in Axes
  7252 | D:8      | Found a radiant altar of Vehumet.
  7307 | D:8      | Found Xuso's Weapon Shop.
  7665 | D:8      | Found a staircase to the Lair.
  8432 | D:9      | Reached skill level 1 in Stealth
  8484 | D:9      | Noticed a two-headed ogre
  8524 | D:9      | Noticed a two-headed ogre
  8532 | D:9      | Killed a two-headed ogre
  8533 | D:9      | Reached XP level 11. HP: 89/92 MP: 11/11
  8533 | D:9      | Found a staircase to the Orcish Mines.
  8538 | D:9      | Reached skill level 16 in Axes
  9357 | D:9      | Killed a two-headed ogre
  9784 | D:9      | Noticed a tengu warrior
  9793 | D:9      | Killed a tengu warrior
  9883 | D:9      | Identified the +7 plate armour of Nudoil {rCorr Str+2
                  | Int+4}
 10067 | D:9      | Found Goep's Distillery.
 10731 | Lair:1   | Entered Level 1 of the Lair of Beasts
 10759 | Lair:1   | Noticed a five-headed hydra
 11515 | Lair:1   | Slain by a 19-headed hydra

Illustrated notes

Levels and vault maps discovered:
D:1:      dpeg_arrival_caged_fury, layout_rooms,
          hellmonk_ecumenical_altar_crossroads, minmay_misc_feat_four_crosses
D:2:      layout_basic
D:3:      layout_loops_ring, nicolae_tso_swordbearing_angel,
          minmay_misc_feat_pillars
D:4:      layout_loops_corners, mainiacjoe_overflow_boulevard,
          mainiacjoe_overflow_six_doors_small
D:5:      layout_cave_pods, grunt_dithmenos_smoke, kennysheep_small_circle,
          uniq_eustachio
D:6:      layout_rooms, serial_shops, nicolae_stop_n_shop_2,
          nicolae_diamond_shop, nicolae_shop_temple_entry_statues_fountains,
          uniq_edmund
D:7:      layout_rooms, minmay_temple_entry_offerings, minmay_gold_behind_fungi,
          due_unseen_surprise
D:8:      layout_loops_ring, nicolae_vehumet_altar_sigil, erik_lair_dragon,
          nicolae_stop_n_shop_2
D:9:      minmay_the_grid_octo_2x2 [minmay_the_grid_octo_thin_diamonds,
          minmay_the_grid_octo_chip, minmay_the_grid_octo_clover,
          minmay_the_grid_octo_prize_single_spiral], layout_loops_corners,
          zombieorc2_lemuel, serial_shops, shop, serial_rivers,
          chequers_serial_rivers_micro_e, chequers_serial_rivers_micro_a,
          chequers_serial_rivers_large_b, chequers_serial_rivers_micro_e,
          minmay_diamond_spiral
Temple:   minmay_temple_bridge_d
Lair:1:   dpeg_oklob_gauntlet, layout_small_grid, special_room
          [special_room_bee], minivault_23, grunt_megastairs_4

Skill      XL: |  1  2  3  4  5  6  7  8  9 10 11 |
---------------+----------------------------------+-----
Axes           | 3 4 6 7 8 11 14 15 16 | 16.6
Fighting       | 4 5 6 7 8 |  8.6
Armour         | 4 5 6 7 8 9 |  9.8
Shields        | 4 5 7 8 |  8.2
Stealth        | 1 2 |  2.0
Dodging        | |  0.6
Evocations     | |  0.1

Action                   |  1- 3 |  4- 6 |  7- 9 | 10-12 || total
-------------------------+-------+-------+-------+-------++-------
Melee: War axe           |   105 |   207 |       |       ||   312
       Hand axe          |       |       |   101 |   215 ||   316
Invok: Potion Petition   |       |       |       |     3 ||     3
Evoke: Wand              |       |       |       |     7 ||     7
  Use: Scroll            |       |     8 |    13 |     5 ||    26
       Potion            |       |       |     1 |     2 ||     3
 Stab: Distracted        |       |       |       |     2 ||     2
       Invisible         |       |       |       |     1 ||     1
Armor: Scale mail        |    19 |       |       |       ||    19
       Chain mail        |    62 |   142 |    39 |    60 ||   303
       Plate armour      |       |       |       |   139 ||   139
Dodge: Dodged            |    55 |    78 |    15 |    48 ||   196
Block: Buckler           |    33 |    46 |     5 |       ||    84
       Tower shield      |       |       |    39 |   134 ||   173
